AoeStats
← Corsican Pirate

Pilgrims

508026296Analyzed
4v4 RM · 13d ago on Sep 20, 2026· 28m 15s· 8 players
Game mode
Random Map
Map size
Large (8 player)
Population
200
Speed
Normal
Resources
Standard
Victory
Conquest
Starting age
Dark Age
Ending age
Imperial Age
RankedLock teamsTeams togetherTeam positionsShared explorationLock speedFull tech treeHidden civsTurbo modeCheats
Victory
Defeat
🇲🇽 Spanish · Mexico
1265
+16
🇲🇽 Vietnamese · Mexico
1239
+17
🇳🇴 Malay · Norway
1230
+19
🇦🇪 Lithuanians · United Arab Emirates
1220
+18
🇦🇷 Vietnamese · Argentina
1292
-18
🇩🇪 Vikings · Germany
1288
-18
🇩🇪 Armenians · Germany
1255
-17
🇷🇴 Huns · Romania
1252
-17
Corsican Pirate
9:01 Loom
13:04 Feudal Age
17:08 Castle Age
14:58 Double-Bit Axe
19:02 Fletching
20:21 Wheelbarrow
21:41 Hand Cart
24:23 Gold Mining
26:32 Bodkin Arrow
Imperial Skirmisher
7:12 Loom
14:05 Feudal Age
14:49 Town Watch
17:41 Castle Age
16:45 Double-Bit Axe
16:42 Horse Collar
18:00 Fishing Lines
18:38 Bow Saw
20:43 Medium Warships
21:12 Heavy Plow
22:52 Wheelbarrow
22:48 Fletching
23:23 Padded Archer Armor
24:13 Bodkin Arrow
24:22 Gold Mining
28:09 Ballistics
Floki
8:01 Loom
10:54 Feudal Age
13:34 Fletching
14:00 Double-Bit Axe
22:35 Castle Age
22:55 Medium Warships
22:50 Bodkin Arrow
CilleR
3:01 Loom
10:35 Feudal Age
14:31 Castle Age
12:39 Fishing Lines
13:28 Fletching
13:52 Horse Collar
24:21 Bodkin Arrow
27:23 Scale Barding Armor
27:29 Forging
28:35 Chain Barding Armor
davewood_blue
5:10 Loom
11:43 Feudal Age
12:56 Double-Bit Axe
16:23 Castle Age
14:23 Stone Mining
14:46 Fletching
18:04 Town Watch
21:09 Bow Saw
Tim der Gothe
3:13 Loom
12:33 Feudal Age
13:38 Fishing Lines
16:22 Castle Age
14:18 Double-Bit Axe
16:34 Wheelbarrow
16:18 Fletching
17:09 Town Watch
18:25 Medium Warships
18:39 Stone Mining
19:39 Gillnets
23:05 Bow Saw
23:10 Horse Collar
27:13 Hand Cart
GhosTSnihsa
8:43 Loom
12:25 Feudal Age
14:42 Double-Bit Axe
17:36 Castle Age
16:05 Gold Mining
15:57 Horse Collar
19:24 Wheelbarrow
22:25 Hand Cart
24:27 Heavy Plow
25:39 Fletching
𝖋𝖔𝖈𝖆
11:40 Feudal Age
10:34 Loom
13:45 Fletching
14:46 Wheelbarrow
16:01 Double-Bit Axe
22:02 Castle Age
24:09 Bow Saw
26:18 Hand Cart
Connection lost

Rejoining the realm…

Still unreachable

The connection could not be restored.

Session expired

The server has moved on; the page needs a fresh start.